cohdb
Replays
Latest Replays
All Replays
Popular Replays
Top Player Replays
Match Explorer
How It Works
Community
CoH3 Stats
Reddit
Sign in to upload your games and track your stats! →
Sign in with Steam
Match 41325305
Unlisted
Match 41325305
Overview
Messages
Build Orders
End
Panzerpioneer Squad
Selects Armored Support Battlegroup
250 Light Carrier
Panzergrenadier Squad
Construct Light Support Kompanie
MG34 Team
Panzerjäger Squad
Combat Half-tracks
Fire Support Elements
2.5-tonne Medical Truck
Pak 38 Mechanized Group
Selects Salvage Kits
Selects Panzer Storm
Forward Retreat Point
Construct Panzerarmee Kommand
Veteran Squad Leaders
Pak 38 Anti-tank Gun Team
Flak 36 Anti-tank Gun Team
Armored Reserves
Tungsten Core Ammunition
Selects Veteran Gunners
Tiger Heavy Tank
Panzerpioneer Squad
Walking Stuka Rocket Launcher
Selects Stuka Anti-tank Loiter
Stuka Anti-tank Loiter
Selects Flammpanzer III Medium Tank
Flammpanzer III Medium Tank
Rapid Advance
UH|dun! ツ
UH|ck
UH|XTC
iceman
inespie
Major Max Moon
Poutou
Cleaner
0
0
Comments
sign in to comment!
No comments posted yet!